 Dungeon Crawl Stone Soup version 0.18-a0-1805-g8ab820f (webtiles) character file.

355 beholder the Skirmisher (level 6, -2/99 HPs)
             Began as an Ogre Hunter on Apr 26, 2016.
             Slain by a centaur zombie (3 damage)
             ... in an ossuary.
             The game lasted 00:19:47 (3492 turns).

beholder the Skirmisher (Ogre Hunter)               Turns: 3492, Time: 00:19:48

Health: -2/99      AC: 23    Str: 24 (25) XL:     6   Next: 63%
Magic:  6/6        EV:  1    Int: 14 (15) God:
Gold:   196        SH:  0    Dex:  7 (10) Spells: 0 memorised, 5 levels left

rFire  . . .     SeeInvis .     n - +0 whip
rCold  . . .     Gourm    .     (armour currently unavailable)
rNeg   + + +     Faith    .     (no shield)
rPois  +         Spirit   .     (helmet currently unavailable)
rElec  .         Dismiss  .     (cloak currently unavailable)
rCorr  .         Reflect  .     (gloves unavailable)
SustAt .         Harm     .     (boots unavailable)
MR     .....     NoTele   +     (no amulet)
Stlth  +.........               (no ring)
                                (no ring)

@: mighty, brilliant, tree-form, marked, not resistant to hostile enchantments,
very unstealthy
A: unfitting armour, (hooves 0), (tough skin 0)
a: no special abilities


You were in an ossuary.
You were hungry.
You were a tree.
You visited 1 branch of the dungeon, and saw 4 of its levels.
You also visited: Ossuary.

You collected 196 gold pieces.

Inventory:

Hand Weapons
 n - a +0 whip (weapon)
 t - a +0 mace
 F - a +0 flail
Missiles
 m - 9 poisoned needles
Armour
 o - a +2 robe of cold resistance (melded)
Scrolls
 a - a scroll of noise
 g - 2 scrolls of remove curse
 s - a scroll of magic mapping
 C - a scroll of enchant weapon {unknown}
Potions
 b - 2 potions of resistance
 e - 5 potions of curing
 i - a potion of mutation
 r - a potion of flight
 D - a potion of ambrosia {unknown}
 E - a potion of agility {unknown}
Comestibles
 f - 2 bread rations
 q - a slice of pizza
 u - a beef jerky
 z - 2 meat rations


   Skills:
 + Level 5.3 Fighting
 + Level 3.5 Maces & Flails
 + Level 5.2 Throwing
 + Level 3.3 Dodging
 - Level 0.7 Stealth


You had 5 spell levels left.
You didn't know any spells.

Dungeon Overview and Level Annotations

Branches:
Dungeon (4/15)
 Temple: D:4-7

Altars:
Ashenzari
Dithmenos
Fedhas
Makhleb
Nemelex Xobeh
Pakellas


Innate Abilities, Weirdness & Mutations

You are too large for most types of armour.
((You have tough skin (AC +1).))
((You have large cloven feet.))


Message History

The kobold zombie hits you but does no damage.
The centaur zombie hits you but does no damage.
A big kobold zombie comes into view.
It was a potion of might.
You feel very mighty all of a sudden.
The centaur zombie hits you but does no damage.
The centaur zombie hits you.
* * * LOW HITPOINT WARNING * * *
The kobold zombie hits you.
* * * LOW HITPOINT WARNING * * *
The rat zombie bites you but does no damage.
The centaur zombie hits you.
* * * LOW HITPOINT WARNING * * *
A mummy and a zombie come into view.
It was a potion of brilliance.
You feel clever all of a sudden.
The centaur zombie hits you but does no damage.
The kobold zombie hits you but does no damage.
The centaur zombie hits you.
You die...

####################
...................#
...................#
.......8..8...Z.Z..#
..........ZZ..ZMZ..#
..######..######ZZZ#
..# #.(#Z.(.#♣ZZ#
..# #Z.# #.#.Z.#
..#.####..####(#...#
..#.........ZZ.#...#
..#.......####.#...#
..#.......# #.#...#
..#.......# !.#...#
..#.....∩.# ###...#
..####+.... #...#


You could see a mummy, a rat zombie, 4 hobgoblin zombies, a kobold zombie, a big
kobold zombie and 2 centaur zombies.

Vanquished Creatures
  The ghost of Mefis the Magician, an amateur DEWz (D:3)
  A scorpion (D:4)
  An orc wizard (D:2)
  A worker ant (D:2)
  2 mummies
  3 adders
  An ooze (D:2)
  A worm (D:2)
  3 dart slugs
  5 orcs (D:3)
  4 giant cockroaches
  5 goblins
  8 hobgoblins
  9 jackals
  5 kobolds
  A quokka (D:1)
  13 bats
  3 giant newts
  8 hobgoblin zombies (Ossuary)
  6 kobold zombies (Ossuary)
  7 orc zombies (Ossuary)
  4 rats
92 creatures vanquished.

Notes
Turn   | Place    | Note
--------------------------------------------------------------
     0 | D:1      | beholder the Ogre Hunter began the quest for the Orb.
     0 | D:1      | Reached XP level 1. HP: 22/22 MP: 1/1
   107 | D:1      | Reached XP level 2. HP: 3/31 MP: 2/2
   551 | D:1      | Reached XP level 3. HP: 28/37 MP: 3/3
   645 | D:1      | Reached skill level 1 in Maces & Flails
  1394 | D:2      | Reached XP level 4. HP: 34/48 MP: 4/4
  1614 | D:2      | Found a shadowy altar of Dithmenos.
  1756 | D:3      | Noticed Mefis's ghost (amateur DEWz)
  2030 | D:3      | Killed Mefis's ghost
  2030 | D:3      | Reached skill level 5 in Throwing
  2030 | D:3      | Reached XP level 5. HP: 52/55 MP: 5/5
  2046 | D:3      | Reached XP level 6. HP: 60/65 MP: 6/6
  2197 | D:3      | Found a blossoming altar of Fedhas.
  2457 | D:3      | Found a sparkling altar of Nemelex Xobeh.
  2609 | D:3      | Reached skill level 5 in Fighting
  2846 | D:4      | Found a burning altar of Makhleb.
  2948 | D:4      | Found a shattered altar of Ashenzari.
  2948 | D:4      | Noticed a phantom
  2999 | D:4      | Found an oddly glowing altar of Pakellas.
  3040 | D:4      | Found a sand-covered staircase.
  3071 | Ossuary  | Entered an ossuary
  3301 | Ossuary  | Gained mutation: You have large cloven feet. [potion of mutation]
  3301 | Ossuary  | Gained mutation: Your flesh is cold resistant. [potion of mutation]
  3301 | Ossuary  | Gained mutation: You are agile. (Dex +2) [potion of mutation]
  3484 | Ossuary  | Lost mutation: You are agile. (Dex +2) [potion of cure mutation]
  3484 | Ossuary  | Lost mutation: Your flesh is cold resistant. [potion of cure mutation]
  3491 | Ossuary  | HP: 4/99 [kobold zombie (1)]
  3491 | Ossuary  | HP: 1/99 [centaur zombie (3)]
  3492 | Ossuary  | Slain by a centaur zombie

Vault maps used:
D:1:      dpeg_arrival_court
D:2:      nicolae_dithmenos_through_a_glass_darkly
D:3:      lemuel_coloured_pillars_altar, nemelex_xobeh_ov_fountains_minmay
D:4:      nicolae_qazlal_style_of_elements, grunt_pakellas_sulfur,
          lemuel_doored_altar, nicolae_ossuary_entry_giza,
          evilmike_ruin_ashenzari, uniq_pikel
Ossuary:  ossuary_tomb_1

Skill      XL: |  1  2  3  4  5  6 |
---------------+-------------------+-----
Fighting       | 3 4 5 |  5.3
Dodging        | 2 3 |  3.3
Maces & Flails | 1 2 3 |  3.5
Throwing       | 5 |  5.2
Stealth        | |  0.7

Action                   |  1- 3 |  4- 6 || total
-------------------------+-------+-------++-------
Melee: Short sword       |    35 |       ||    35
       Club              |    32 |       ||    32
       Whip              |    43 |   214 ||   257
       Kick              |       |    33 ||    33
Throw: Large rock        |     9 |    14 ||    23
       Javelin           |     9 |     3 ||    12
       Throwing net      |       |     2 ||     2
  Use: Scroll            |       |    10 ||    10
       Potion            |       |     8 ||     8
 Stab: Sleeping          |     1 |       ||     1
  Eat: Chunk             |     2 |     6 ||     8
Armor: Robe              |    55 |    97 ||   152
       Skin              |       |    26 ||    26
Dodge: Dodged            |    81 |   138 ||   219
